 Dungeon Crawl Stone Soup version 0.27-a0-1202-ge72e49191c (webtiles) character file.

Game seed: 8150011088744244628

8 openice22 the Conjurer (level 2, 0/22 HPs)
             Began as a Draconian Conjurer on June 3, 2021.
             Slain by a quokka (1 damage)
             ... on level 1 of the Dungeon.
             The game lasted 00:05:16 (660 turns).

openice22 the Conjurer (Draconian Conjurer)          Turns: 660, Time: 00:05:17

Health: 0/22       AC:  4    Str:  9    XL:     2   Next: 0%
Magic:  3/5        EV: 12    Int: 18    God:
Gold:   7          SH:  0    Dex:  9    Spells: 2/5 levels left

rFire    . . .     SeeInvis .   (no weapon)
rCold    . . .     Faith    .   (no shield)
rNeg     . . .     Spirit   .   (armour unavailable)
rPois    .         Reflect  .   (helmet restricted)
rElec    .         Harm     .   (no cloak)
rCorr    .         Rampage  .   (no gloves)
Will     .....                  (no boots)
Stlth    ++........             (no amulet)
HPRegen  0.07/turn              (no ring)
MPRegen  0.09/turn              (no ring)

@: slowed, very slow
A: AC +4, unfitting armour, cold-blooded
a: no special abilities


You were on level 1 of the Dungeon.
You visited 1 branch of the dungeon, and saw 1 of its levels.

You collected 7 gold pieces.

Inventory:

Missiles
 a - 23 stones
Potions
 b - a potion of heal wounds {unknown}


   Skills:
 + Level 0.4 Fighting
 + Level 1.7 Dodging
 + Level 1.7 Stealth
 + Level 2.1 Spellcasting
 + Level 4.3 Conjurations


You had 2 spell levels left.
You knew the following spells:

 Your Spells              Type           Power      Damage    Failure   Level
a - Magic Dart            Conj           68%        1d6       3%          1
b - Searing Ray           Conj           34%        3d4       4%          2

Your spell library contained the following spells:

 Spells                   Type           Power      Damage    Failure   Level
 Dazzling Flash           Conj/Hex       18%        N/A       22%         3
 Fulminant Prism          Conj/Hex       4%         3d6       58%         4
 Iskenderun's Mystic Bla  Conj/Tloc      9%         2d4       58%         4


Dungeon Overview and Level Annotations

Branches:
Dungeon (1/15)

Altars:


Innate Abilities, Weirdness & Mutations

Your plain brown scales are hard. (AC +4)
You cannot fit into any form of body armour.
You are cold-blooded and may be slowed by cold attacks.


Message History

You are frozen.
The quokka bites you.
You hit the quokka.
The quokka is moderately wounded.
The endoplasm barely misses you. The quokka closely misses you.
You closely miss the quokka.
The quokka is moderately wounded.
The endoplasm hits you but does no damage.
The quokka misses you.
You hit the quokka but do no damage.
Your tail-slap misses the quokka.
The quokka is moderately wounded.
The quokka closely misses you. The endoplasm freezes you.
You are frozen.
* * * LOW HITPOINT WARNING * * *
You feel yourself slow down.
You are too injured to fight recklessly!
Casting: Magic Dart (safe; 3% risk of failure)
Confirm with . or Enter, or press ? or * to list all spells.
Aiming: Magic Dart (safe; 3% risk of failure)
Press: ? - help, Shift-Dir - straight line, f - quokka
Aim: a quokka (moderately wounded, 100% to hit)
The magic dart hits the quokka but does no damage.
The quokka is moderately wounded.
The quokka barely misses you. The endoplasm freezes you.
You are frozen.
* * * LOW HITPOINT WARNING * * *
You feel as though you will be slow longer.
The quokka barely misses you. The endoplasm barely misses you.
Casting: Magic Dart (safe; 3% risk of failure)
Confirm with . or Enter, or press ? or * to list all spells.
Aiming: Magic Dart (safe; 3% risk of failure)
Press: ? - help, Shift-Dir - straight line, f/p - quokka
Aim: a quokka (moderately wounded, 100% to hit)
The magic dart hits the quokka.
The quokka is heavily wounded.
The quokka misses you.
The endoplasm hits you but does no damage.
The quokka bites you.
You die...

####8.#.##.8#.#.#.8#
###.#....##.#.#.##
###.#.# ###..##.#.#
....#.###...##.##.#
....##...####.##.##
#....##8##...##.###
#.#.#####<.###.##.#
..#.# ######..##J.#
#.#.###....w...r@##
#......####...####
###.#.## #####
###.#.# ...r..#
#######


You could see a dart slug, an endoplasm and a quokka.

Vanquished Creatures
  A hobgoblin (D:1)
  4 jackals (D:1)
  A ball python (D:1)
  A rat (D:1)
7 creatures vanquished.

Notes
Turn   | Place    | Note
-------+----------+-------------------------------------------
     0 | D:1      | openice22 the Draconian Conjurer began the quest for the
                  | Orb.
     0 | D:1      | Reached XP level 1. HP: 14/14 MP: 3/3
   593 | D:1      | Reached XP level 2. HP: 18/22 MP: 0/5
   596 | D:1      | Learned a level 2 spell: Searing Ray
   659 | D:1      | HP: 1/22 [frozen (4)]
   660 | D:1      | Slain by a quokka

Illustrated notes

Levels and vault maps discovered:
D:1:      nagdon_arrival_double_spiral, layout_loops_ring, serial_shops, shop,
          hellmonk_ecumenical_altar_lost_god

Action                   || total
-------------------------++-------
Melee: Unarmed           ||    78
       Tailslap          ||     4
 Cast: Magic Dart        ||    11
Armor: Skin              ||    28
Dodge: Dodged            ||    74

Table legend: (Time is in decaauts)
 A = Elapsed time spent in this place.
 B = Non-inter-level travel time spent in this place.
 C = Inter-level travel time spent in this place.
 D = Time resting spent in this place.
 E = Time spent auto-exploring this place.
 F = Levels seen in this place.
 G = Mean time per level.
                   A        B        C        D        E       F      G
               +--------+--------+--------+--------+--------+-----+--------+
         Total |    661 |    661 |      0 |    330 |    151 |   1 |  661.0 |
       Dungeon |    661 |    661 |      0 |    330 |    151 |   1 |  661.0 |
               +--------+--------+--------+--------+--------+-----+--------+

Top non-repeatable levels by time:
     D:1: 661 daAuts
